HSSL
JOHN JAY HS PATRIOTS @ BUTLER HS GOLDEN TORNADO
04/29/2023
 
TOP OF THE 1ST
John Jay HS Patriots batting - Pitching for Butler HS Golden Tornado : RHP Matt Hoffman
Pitching: RHP Matt Hoffman
Batting: RHB Larry Whitaker 0-0: Called Strike
0-1: Bunt for hit - play at first, batter safe!
Batting: RHB Fernando Pérez 0-0: Called Strike
0-1: Fly out, F3 (Popup, 3)
Batting: RHB Micheal Banks 0-0: Called Strike
0-1: Foul Ball, location: 2F
0-2: Ball
1-2: Ball
2-2: Foul Ball, location: 2F
2-2: Ball
Larry Whitaker steals 2nd base
3-2: Ground out 5-3 (Groundball, 5S)
Larry Whitaker to third
Batting: SHB Barrett Bowden 0-0: Called Strike
0-1: Called Strike
0-2: Strikes out looking
Top of the 1st over - 0 run(s), 1 hit(s), 0 error(s), 1 left on base; John Jay HS 0 - Butler HS 0
BOTTOM OF THE 1ST
Butler HS Golden Tornado batting - Pitching for John Jay HS Patriots : LHP Ernest Hutchinson
Pitching: LHP Ernest Hutchinson
Batting: LHB Jon Rogers 0-0: Fly out, F7 (Flyball, 78M)
Batting: RHB Derek Scott 0-0: SINGLE (Groundball, 5D)
Batting: LHB Joe Baker 0-0: Called Strike
0-1: Ball
1-1: Foul Ball, location: 2F
1-2: Strikes out swinging
Batting: RHB Rafael Barajas 0-0: Foul Ball, location: 2F
0-1: Foul Ball, location: 2F
0-2: Ball
Derek Scott steals 2nd base
1-2: Ball
2-2: Ground out 4-3 (Groundball, 4)
Bottom of the 1st over - 0 run(s), 1 hit(s), 0 error(s), 1 left on base; John Jay HS 0 - Butler HS 0
TOP OF THE 2ND
John Jay HS Patriots batting - Pitching for Butler HS Golden Tornado : RHP Matt Hoffman
Batting: RHB John Lynch 0-0: Fly out, F7 (Flyball, 78M)
Batting: SHB Theodore Cook 0-0: Bunted foul
0-1: Called Strike
0-2: Strikes out swinging
Batting: RHB Henry Catron 0-0: Called Strike
0-1: Foul Ball, location: 2F
0-2: Foul Ball, location: 2F
0-2: Ball
1-2: Fly out, F7 (Flyball, 78M)
Top of the 2nd over - 0 run(s), 0 hit(s), 0 error(s), 0 left on base; John Jay HS 0 - Butler HS 0
BOTTOM OF THE 2ND
Butler HS Golden Tornado batting - Pitching for John Jay HS Patriots : LHP Ernest Hutchinson
Batting: LHB Jérémie Rivard 0-0: Ball
1-0: Called Strike
1-1: SINGLE (Line Drive, 9S)
Batting: SHB Bruce MacPherson 0-0: Ball
1-0: Ball
2-0: Ball
3-0: Base on Balls
Jérémie Rivard to second
Batting: RHB Christian Nash 0-0: Called Strike
0-1: SINGLE (Line Drive, 89S)
Jérémie Rivard to third
Bruce MacPherson to second
Batting: LHB Dave Reynolds 0-0: Ball
1-0: Called Strike
1-1: Ball
2-1: Fielders Choice at 2nd, 4-6 (Groundball, 34)
Jérémie Rivard scores
Bruce MacPherson to third
Batting: RHB Jimmy Myers 0-0: Ball
1-0: Fly out, F7 (Flyball, 7M)
Batting: LHB Jon Rogers 0-0: Called Strike
0-1: SINGLE (Line Drive, 89S)
Bruce MacPherson scores
Dave Reynolds to second
Batting: RHB Derek Scott 0-0: Ball
1-0: Foul Ball, location: 2F
1-1: Ball
2-1: Called Strike
2-2: Ball
3-2: Fly out, F8 (Flyball, 78M)
Bottom of the 2nd over - 2 run(s), 3 hit(s), 0 error(s), 2 left on base; John Jay HS 0 - Butler HS 2
TOP OF THE 3RD
John Jay HS Patriots batting - Pitching for Butler HS Golden Tornado : RHP Matt Hoffman
Batting: LHB Tim Griffith 0-0: Ball
1-0: SINGLE (Groundball, 4MD)
Batting: RHB Robert Porter 0-0: Ball
1-0: Ball
2-0: Ball
3-0: Base on Balls
Tim Griffith to second
Batting: RHB Larry Whitaker 0-0: Swinging Strike
0-1: Fly out, F8 (Flyball, 8RS)
Batting: RHB Fernando Pérez 0-0: Ball
1-0: Ball
2-0: Called Strike
2-1: Swinging Strike
2-2: Foul Ball, location: 2F
2-2: Strikes out swinging
Batting: RHB Micheal Banks 0-0: SINGLE (Groundball, 6MD)
Tim Griffith to third
Robert Porter to second
Runner from 3rd tries for Home, SAFE, no throw or cutoff
Batting: SHB Barrett Bowden 0-0: SINGLE (Groundball, 4MD)
Robert Porter to third
Micheal Banks to second
Runner from 3rd tries for Home, SAFE, no throw or cutoff
Batting: RHB John Lynch 0-0: Ball
1-0: Ball
2-0: Ball
3-0: Base on Balls
Micheal Banks to third
Barrett Bowden to second
Batting: SHB Theodore Cook 0-0: Ball
1-0: Ball
2-0: Called Strike
2-1: Ball
3-1: Swinging Strike
3-2: Strikes out swinging
Top of the 3rd over - 2 run(s), 3 hit(s), 0 error(s), 3 left on base; John Jay HS 2 - Butler HS 2
BOTTOM OF THE 3RD
Butler HS Golden Tornado batting - Pitching for John Jay HS Patriots : LHP Ernest Hutchinson
Batting: LHB Joe Baker 0-0: Called Strike
0-1: Called Strike
0-2: Foul Ball, location: 2F
0-2: Ball
1-2: Ball
2-2: Ground out 6-3 (Groundball, 6)
Batting: RHB Rafael Barajas 0-0: Called Strike
0-1: Ball
1-1: Ball
2-1: Ball
3-1: SINGLE (Line Drive, 6D)
Batting: LHB Jérémie Rivard 0-0: Called Strike
0-1: Ball
1-1: Swinging Strike
1-2: Ball
2-2: Strikes out swinging
Batting: SHB Bruce MacPherson 0-0: Ball
1-0: Ball
2-0: Foul Ball, location: 2F
2-1: 2-RUN HOME RUN (Line Drive, 7LD), Distance : 362 ft
Batting: RHB Christian Nash 0-0: Ball
1-0: Ball
2-0: Foul Ball, location: 2F
2-1: Ball
3-1: Base on Balls
Batting: LHB Dave Reynolds 0-0: Foul Ball, location: 2F
0-1: Foul Ball, location: 2F
0-2: Strikes out swinging
Bottom of the 3rd over - 2 run(s), 2 hit(s), 0 error(s), 1 left on base; John Jay HS 2 - Butler HS 4
TOP OF THE 4TH
John Jay HS Patriots batting - Pitching for Butler HS Golden Tornado : RHP Matt Hoffman
Batting: RHB Henry Catron 0-0: Swinging Strike
0-1: Foul Ball, location: 2F
0-2: Ball
1-2: Strikes out swinging
Batting: LHB Tim Griffith 0-0: Ball
1-0: Fly out, F6 (Popup, 78S)
Batting: RHB Robert Porter 0-0: Ball
1-0: Fly out, F7 (Flyball, 7M)
Top of the 4th over - 0 run(s), 0 hit(s), 0 error(s), 0 left on base; John Jay HS 2 - Butler HS 4
BOTTOM OF THE 4TH
Butler HS Golden Tornado batting - Pitching for John Jay HS Patriots : LHP Ernest Hutchinson
Batting: RHB Jimmy Myers 0-0: Called Strike
0-1: Swinging Strike
0-2: Ball
1-2: Fly out, F8 (Flyball, 8LM)
Batting: LHB Jon Rogers 0-0: SINGLE (Line Drive, 4MD)
Batting: RHB Derek Scott 0-0: Ball
1-0: Ball
Jon Rogers steals 2nd base
2-0: Ball
3-0: Base on Balls
Batting: LHB Joe Baker 0-0: Called Strike
Jon Rogers steals 3rd base
Derek Scott to second
0-1: Called Strike
0-2: Strikes out looking
Batting: RHB Rafael Barajas 0-0: Ball
1-0: Ground out 6-3 (Groundball, 6)
Bottom of the 4th over - 0 run(s), 1 hit(s), 0 error(s), 2 left on base; John Jay HS 2 - Butler HS 4
TOP OF THE 5TH
John Jay HS Patriots batting - Pitching for Butler HS Golden Tornado : RHP Matt Hoffman
Batting: RHB Larry Whitaker 0-0: Foul Ball, location: 2F
0-1: SINGLE (Line Drive, 8RS)
Batting: RHB Fernando Pérez 0-0: Ball
1-0: Foul Ball, location: 2F
1-1: Ball
2-1: Swinging Strike
2-2: DOUBLE (Line Drive, 9LS)
Larry Whitaker to third
Batting: RHB Micheal Banks 0-0: Ball
1-0: Ball
2-0: Ball
3-0: Base on Balls
Batting: SHB Barrett Bowden 0-0: Called Strike
0-1: Ball
1-1: Swinging Strike
1-2: Strikes out swinging
Batting: RHB John Lynch 0-0: Ball
1-0: Foul Ball, location: 2F
1-1: SINGLE (Groundball, 56)
Larry Whitaker scores
Fernando Pérez to third
Micheal Banks to second
Runner from 3rd tries for Home, SAFE, throw made home
Micheal Banks to third
John Lynch to second
Batting: SHB Theodore Cook 0-0: Ball
1-0: Called Strike
1-1: Called Strike
1-2: Ball
2-2: Strikes out swinging
Pitching: LHP Aaron Blankenship
Batting: RHB Henry Catron 0-0: Ball
1-0: Called Strike
1-1: Called Strike
1-2: Ball
2-2: Foul Ball, location: 2F
2-2: Ball
3-2: Base on Balls
Batting: LHB Tim Griffith 0-0: Ground out 1-3 (Groundball, 13S)
Top of the 5th over - 2 run(s), 3 hit(s), 0 error(s), 3 left on base; John Jay HS 4 - Butler HS 4
BOTTOM OF THE 5TH
Butler HS Golden Tornado batting - Pitching for John Jay HS Patriots : LHP Ernest Hutchinson
Batting: LHB Jérémie Rivard 0-0: Ball
1-0: Foul Ball, location: 2F
1-1: Foul Ball, location: 2F
1-2: SINGLE (Flyball, 7S)
Pitching: RHP Andre Huff
Batting: SHB Bruce MacPherson 0-0: Called Strike
0-1: Ball
1-1: Called Strike
1-2: Ball
2-2: Fly out, F9 (Flyball, 89M)
Batting: RHB Christian Nash 0-0: Called Strike
0-1: Foul Ball, location: 2F
0-2: Ball
1-2: Ball
2-2: Ball
3-2: Strikes out swinging
Batting: LHB Dave Reynolds 0-0: Fly out, F8 (Flyball, 8RS)
Bottom of the 5th over - 0 run(s), 1 hit(s), 0 error(s), 1 left on base; John Jay HS 4 - Butler HS 4
TOP OF THE 6TH
John Jay HS Patriots batting - Pitching for Butler HS Golden Tornado : LHP Aaron Blankenship
Batting: RHB Robert Porter 0-0: Foul Ball, location: 2F
0-1: Ground out 6-3 (Groundball, 6M)
Batting: RHB Larry Whitaker 0-0: Ball
1-0: Called Strike
1-1: Swinging Strike
1-2: Strikes out swinging
Batting: RHB Fernando Pérez 0-0: Called Strike
0-1: Foul Ball, location: 2F
0-2: Foul Ball, location: 2F
0-2: Ball
1-2: Ball
2-2: Strikes out swinging
Top of the 6th over - 0 run(s), 0 hit(s), 0 error(s), 0 left on base; John Jay HS 4 - Butler HS 4
BOTTOM OF THE 6TH
Butler HS Golden Tornado batting - Pitching for John Jay HS Patriots : RHP Andre Huff
Batting: RHB Jimmy Myers 0-0: Ball
1-0: Ball
2-0: Swinging Strike
2-1: Fly out, F2 (Popup, 2RF)
Batting: LHB Jon Rogers 0-0: Swinging Strike
0-1: Ground out U3 (Groundball, 3S)
Batting: RHB Derek Scott 0-0: Fly out, F7 (Flyball, 78S)
Bottom of the 6th over - 0 run(s), 0 hit(s), 0 error(s), 0 left on base; John Jay HS 4 - Butler HS 4
TOP OF THE 7TH
John Jay HS Patriots batting - Pitching for Butler HS Golden Tornado : LHP Aaron Blankenship
Batting: RHB Micheal Banks 0-0: Called Strike
0-1: Ball
1-1: Ball
2-1: Foul Ball, location: 2F
2-2: DOUBLE (Line Drive, 5L)
Batting: SHB Barrett Bowden 0-0: Foul Ball, location: 2F
0-1: Swinging Strike
0-2: Ball
1-2: Strikes out looking
Batting: RHB John Lynch 0-0: Intentional Walk
Batting: SHB Theodore Cook 0-0: Called Strike
0-1: Swinging Strike
0-2: Ball
1-2: Foul Ball, location: 2F
1-2: Strikes out swinging
Pitching: RHP Alex Swain
Batting: RHB Henry Catron 0-0: Called Strike
0-1: Ball
1-1: Foul Ball, location: 2F
1-2: Ball
2-2: Ball
3-2: Base on Balls
Micheal Banks to third
John Lynch to second
Batting: LHB Tim Griffith 0-0: Called Strike
0-1: Ball
1-1: Foul Ball, location: 2F
1-2: Strikes out swinging
Top of the 7th over - 0 run(s), 1 hit(s), 0 error(s), 3 left on base; John Jay HS 4 - Butler HS 4
BOTTOM OF THE 7TH
Butler HS Golden Tornado batting - Pitching for John Jay HS Patriots : RHP Andre Huff
Pitching: RHP Mark Looper
Batting: LHB Joe Baker 0-0: Ball
1-0: Ball
2-0: Ball
3-0: Base on Balls
Batting: RHB Rafael Barajas 0-0: Ball
1-0: Ball
2-0: Called Strike
2-1: Foul Ball, location: 2F
2-2: Hit by Pitch
Joe Baker to second
Batting: LHB Jérémie Rivard 0-0: Called Strike
0-1: Fly out, F7 (Flyball, 7S)
Batting: SHB Bruce MacPherson 0-0: Ball
1-0: Foul Ball, location: 2F
1-1: Ball
Wild Pitch!
Joe Baker to third
Rafael Barajas to second
2-1: Intentional Walk
Batting: RHB Christian Nash 0-0: Ball
1-0: Foul Ball, location: 2F
1-1: Fly out, F8 (Flyball, 8LM)
Runner from 3rd tags up, SCORES, no throw
Batting: LHB Dave Reynolds 0-0: Fly out, F7 (Flyball, 7M)
Bottom of the 7th over - 1 run(s), 0 hit(s), 0 error(s), 2 left on base; John Jay HS 4 - Butler HS 5
TOP OF THE 8TH
John Jay HS Patriots batting - Pitching for Butler HS Golden Tornado : RHP Alex Swain
Pitching: RHP Bill Hendricks
Now in LF: Bill Shaffer
Batting: RHB Robert Porter 0-0: Called Strike
0-1: Ground out U3 (Groundball, 3)
Batting: RHB Larry Whitaker 0-0: Called Strike
0-1: Called Strike
0-2: Strikes out swinging
Batting: RHB Fernando Pérez 0-0: Called Strike
0-1: Foul Ball, location: 2F
0-2: Ball
1-2: Ball
2-2: Strikes out looking
Top of the 8th over - 0 run(s), 0 hit(s), 0 error(s), 0 left on base; John Jay HS 4 - Butler HS 5
BOTTOM OF THE 8TH
Butler HS Golden Tornado batting - Pitching for John Jay HS Patriots : RHP Mark Looper
Batting: RHB Jimmy Myers 0-0: Called Strike
0-1: Ball
1-1: Ball
2-1: Foul Ball, location: 2F
2-2: Foul Ball, location: 2F
2-2: Strikes out swinging
Batting: LHB Jon Rogers 0-0: Called Strike
0-1: Called Strike
0-2: Ball
1-2: Ball
2-2: Strikes out swinging
Batting: RHB Derek Scott 0-0: Ground out 6-3 (Groundball, 6M)
Bottom of the 8th over - 0 run(s), 0 hit(s), 0 error(s), 0 left on base; John Jay HS 4 - Butler HS 5
TOP OF THE 9TH
John Jay HS Patriots batting - Pitching for Butler HS Golden Tornado : RHP Bill Hendricks
Pitching: RHP Miguel Sotelo
Batting: RHB Micheal Banks 0-0: Foul Ball, location: 2F
0-1: Ground out 4-3 (Groundball, 4)
Batting: SHB Barrett Bowden 0-0: Ball
1-0: Called Strike
1-1: Called Strike
1-2: Strikes out looking
Batting: RHB John Lynch 0-0: Called Strike
0-1: Foul Ball, location: 2F
0-2: Ball
1-2: Ball
2-2: Ball
3-2: Foul Ball, location: 2F
3-2: Strikes out looking
Top of the 9th over - 0 run(s), 0 hit(s), 0 error(s), 0 left on base; John Jay HS 4 - Butler HS 5
This league is powered by Out of the Park Baseball, the baseball management simulation game for PC, Mac and Linux
Wednesday, December 2nd, 2015 - OOTP Baseball 16.8 Build 38